 Dungeon Crawl Stone Soup version 0.29.1-12-g30fa7ad0bf (webtiles) character file.

Game seed: 9584830633094384405

2498 LustLizard the Skirmisher (level 9, -3/45 HPs)
             Began as a Spriggan Hunter on Dec 26, 2022.
             Was a Follower of Dithmenos.
             Engulfed by a steam dragon's steam (13 damage)
             ... on level 7 of the Dungeon.
             The game lasted 00:12:26 (6962 turns).

LustLizard the Skirmisher (Spriggan Hunter)         Turns: 6962, Time: 00:12:26

Health: -3/45      AC:  3    Str:  7    XL:     9   Next: 28%
Magic:  10/10      EV: 18    Int: 11    God:    Dithmenos [*.....]
Gold:   235        SH:  0    Dex: 22    Spells: 8/8 levels left

rFire   . . .      SeeInvis +   a - +0 shortbow
rCold   . . .      Faith    .   (shield currently unavailable)
rNeg    . . .      Spirit   .   c - +0 robe
rPois   .          Reflect  .   (helmet restricted)
rElec   .          Harm     .   g - +0 cloak
rCorr   +          Rampage  .   (gloves unavailable)
Will    ++...                   (boots unavailable)
Stlth   ++++......              (no amulet)
HPRegen 0.15/turn               l - ring of willpower
MPRegen 0.12/turn               q - ring of resist corrosion

@: wreathed by umbra, very quick
A: very small, no large weapons, unfitting armour, see invisible, speed 3
a: Renounce Religion


You were on level 7 of the Dungeon.
You worshipped Dithmenos.
Dithmenos was aware of your devotion.
You visited 1 branch of the dungeon, and saw 7 of its levels.

You collected 235 gold pieces.

Inventory:

Hand Weapons
 a - a +0 shortbow (weapon)
Armour
 c - a +0 robe (worn)
 g - a +0 cloak (worn)
Jewellery
 l - a ring of willpower (left hand)
 q - a ring of resist corrosion (right hand)
Wands
 p - a wand of acid (13)
 x - a wand of flame (16)
Scrolls
 b - 3 scrolls of immolation
 d - a scroll of noise {unknown}
 e - 2 scrolls of teleportation {unknown}
 i - 2 scrolls of vulnerability {unknown}
 j - a scroll of enchant armour {unknown}
 n - 2 scrolls of silence {unknown}
 o - a scroll of fear {unknown}
 r - 3 scrolls of fog
 v - 2 scrolls of identify {unknown}
 y - a scroll of magic mapping {unknown}
Potions
 f - 2 potions of mutation {unknown}
 h - 2 potions of lignification {unknown}
 k - 2 potions of brilliance {unknown}
 m - 2 potions of curing {unknown}
 s - 2 potions of degeneration {unknown}
 t - 2 potions of magic {unknown}
 u - a potion of cancellation {unknown}
 w - 4 potions of heal wounds {unknown}
 z - a potion of ambrosia {unknown}
 A - a potion of attraction {unknown}
 B - a potion of flight {unknown}
 C - a potion of might {unknown}


   Skills:
 + Level 4.1 Fighting
 * Level 10.3 Ranged Weapons
 - Level 2.6 Dodging
 - Level 5.2 Stealth
 + Level 7.9 Evocations


You had 8 spell levels left.
You didn't know any spells.
Your spell library contained the following spells:

 Spells                   Type           Power      Damage    Failure   Level
 Apportation              Tloc           0%         N/A       34%         1
 Magic Dart               Conj           0%         1d3       34%         1
 Call Imp                 Summ           0%         N/A       47%         2
 Gell's Gravitas          Tloc           0%         N/A       71%         3
 Lesser Beckoning         Tloc           0%         N/A       71%         3
 Mephitic Cloud           Conj/Pois/Air  0%         N/A       71%         3
 Teleport Other           Tloc           0%         N/A       71%         3
 Alistair's Intoxication  Tmut/Pois      0%         N/A       100%        5


Dungeon Overview and Level Annotations

Branches:
Dungeon (7/15)             Temple (0/1) D:5

Altars:
Ashenzari
Dithmenos
Hepliaklqana
Okawaru
Qazlal
Vehumet
Zin

Annotations:
D:6 exclusion: deep elf pyromancer


Innate Abilities, Weirdness & Mutations

You are very small and have problems with some larger weapons.
You are too small for most types of armour.
You have supernaturally acute eyesight. (SInv)
You cover ground extremely quickly. (Speed+++)


Message History

The ball of steam hits you!
Fire: a) +0 shortbow
Press: ? - help, Q - select action, (/) - cycle Shift-Dir - straight line, f/p - steam dragon
Aim: a steam dragon (severely wounded, catching its breath, 70% to hit)
Okay, then.
Fire: a) +0 shortbow
Press: ? - help, Q - select action, (/) - cycle Shift-Dir - straight line, f/p - steam dragon
Aim: a steam dragon (steam, severely wounded, 70% to hit)
You shoot an arrow. The arrow hits the steam dragon!
The steam dragon is almost dead.
The steam dragon breathes steam at you. The ball of steam hits you!
Fire: a) +0 shortbow
Press: ? - help, Q - select action, (/) - cycle Shift-Dir - straight line, f/p - steam dragon
Aim: a steam dragon (almost dead, 70% to hit)
You shoot an arrow. The arrow hits the steam dragon.
The steam dragon is almost dead.
Unknown command.
Fire: a) +0 shortbow
Press: ? - help, Q - select action, (/) - cycle Shift-Dir - straight line, f/p - steam dragon
Aim: a steam dragon (almost dead, umbra, 70% to hit)
You shoot an arrow.
The arrow closely misses the steam dragon.
The steam dragon barely misses you.
The steam dragon claws you but does no damage.
Fire: a) +0 shortbow
Press: ? - help, Q - select action, (/) - cycle Shift-Dir - straight line, f/p - steam dragon
Aim: a steam dragon (almost dead, umbra, 70% to hit)
You shoot an arrow.
The arrow barely misses the steam dragon.
The steam dragon bites you!
* * * LOW HITPOINT WARNING * * *
The steam dragon closely misses you.
Fire: a) +0 shortbow
Press: ? - help, Q - select action, (/) - cycle Shift-Dir - straight line, f/p - steam dragon
Aim: a steam dragon (almost dead, umbra, 70% to hit)
You shoot an arrow.
The arrow completely misses the steam dragon.
You are engulfed in a cloud of scalding steam.
You die...

#.....).....####
##..........#
#.........##
##........[#
#.........#
#.........#
#.........#
#.D.......#
##@.ยง....##
##.....##
#######


You could see a steam dragon.

Vanquished Creatures
  Grinder (D:6)
  6 yaks (D:5)
  An ice beast (D:6)
  2 black bears
  An orc warrior (D:6)
  An ogre (D:6)
  A centaur (D:6)
  A phantom (D:5)
  A kobold brigand (D:6)
  A bullfrog (D:6)
  A necrophage (D:4)
  A killer bee (D:6)
  4 hounds
  A jelly (D:5)
  2 orc priests (D:6)
  Crazy Yiuf (D:3)
  A gnoll bouda (D:6)
  An orc wizard (D:4)
  6 gnolls
  12 adders
  A shadow imp (D:5)
  2 white imps
  An ufetubus (D:6)
  5 dart slugs
  15 orcs
  10 ball pythons
  6 bats
  4 endoplasms
  6 goblins
  9 hobgoblins
  A jackal (D:3)
  16 kobolds
  6 quokkas
  A frilled lizard (D:3)
  9 rats
138 creatures vanquished.

Notes
Turn   | Place    | Note
-------+----------+-------------------------------------------
     0 | D:1      | LustLizard the Spriggan Hunter began the quest for the Orb.
     0 | D:1      | Reached XP level 1. HP: 10/10 MP: 2/2
   191 | D:1      | Reached XP level 2. HP: 14/14 MP: 3/3
   369 | D:1      | Found a faded altar of an unknown god.
   534 | D:1      | Reached XP level 3. HP: 18/18 MP: 4/4
   870 | D:2      | Reached skill level 5 in Ranged Weapons
  1098 | D:2      | Reached XP level 4. HP: 22/22 MP: 5/5
  1809 | D:3      | Found a runed translucent door.
  1810 | D:3      | Noticed Crazy Yiuf
  1874 | D:3      | Reached skill level 1 in Evocations
  2124 | D:3      | Noticed a black bear
  2211 | D:3      | Killed a black bear
  2212 | D:3      | Reached XP level 5. HP: 25/25 MP: 6/6
  2683 | D:3      | Found a hazy altar of Hepliaklqana.
  2689 | D:3      | Found a radiant altar of Vehumet.
  2694 | D:3      | Found a broken altar of Ashenzari.
  2812 | D:3      | Killed Crazy Yiuf
  2813 | D:3      | Reached skill level 6 in Ranged Weapons
  2896 | D:4      | Reached skill level 5 in Stealth
  2977 | D:4      | Reached XP level 6. HP: 13/30 MP: 7/7
  4051 | D:4      | Found a shadowy altar of Dithmenos.
  4091 | D:4      | Became a worshipper of Dithmenos the Shadowed
  4130 | D:4      | Found a stormy altar of Qazlal.
  4141 | D:4      | Found an iron altar of Okawaru.
  4163 | D:5      | Entered Level 5 of the Dungeon
  4244 | D:5      | Reached skill level 7 in Ranged Weapons
  4395 | D:5      | Found a staircase to the Ecumenical Temple.
  4437 | D:5      | Noticed a yak
  4437 | D:5      | Noticed a yak
  4438 | D:5      | Noticed a yak
  4441 | D:5      | Noticed a yak
  4464 | D:5      | Noticed a yak
  4464 | D:5      | Noticed a yak
  4468 | D:5      | Killed a yak
  4469 | D:5      | Reached XP level 7. HP: 24/33 MP: 8/8
  4513 | D:5      | Killed a yak
  4514 | D:5      | Reached skill level 5 in Evocations
  4573 | D:5      | Killed a yak
  4574 | D:5      | Reached skill level 8 in Ranged Weapons
  4574 | D:5      | Killed a yak
  4575 | D:5      | Reached XP level 8. HP: 24/39 MP: 9/9
  4877 | D:5      | Reached skill level 9 in Ranged Weapons
  5543 | D:6      | Reached * piety under Dithmenos
  5744 | D:6      | Noticed Grinder
  5759 | D:6      | Killed Grinder
  5760 | D:6      | Reached XP level 9. HP: 29/45 MP: 10/10
  5981 | D:6      | Reached skill level 10 in Ranged Weapons
  6246 | D:6      | Noticed a deep elf pyromancer
  6299 | D:6      | Found a glowing silver altar of Zin.
  6962 | D:7      | Engulfed by a steam dragon's steam

Illustrated notes

Levels and vault maps discovered:
D:1:      ebering_hopf_link, layout_basic, ebering_ecumenical_altar_webs,
          minmay_tetromino_l4
D:2:      layout_basic, roderic_lattice_a
D:3:      minmay_skewed_foursquare, layout_loops_ring,
          minmay_overflow_temple_star_quad, uniq_crazy_yiuf_cottage
D:4:      layout_loops_ring, kennysheep_mini, mainiacjoe_overflow_swirl
D:5:      layout_loops_ring, minmay_temple_entry_junction
D:6:      layout_layer_cave, zin_treasury, guppyfry_early_elven_hall,
          uniq_grinder
D:7:      layout_rooms

Skill      XL: |  1  2  3  4  5  6  7  8  9 |
---------------+----------------------------+-----
Stealth        | 2 3 4 5 |  5.2
Ranged Weapons | 5 6 7 8 9 10 | 10.3
Evocations     | 2 4 5 7 |  7.9
Fighting       | 2 3 4 |  4.1
Dodging        | |  2.6

Action                   |  1- 3 |  4- 6 |  7- 9 || total
-------------------------+-------+-------+-------++-------
 Fire: Shortbow          |    94 |   202 |   247 ||   543
  Use: Scroll            |       |       |     1 ||     1
Armor: Robe              |     1 |     8 |     6 ||    15
Dodge: Dodged            |    17 |    59 |    61 ||   137
